Unix NetHack Version 3.7.0-71 Work-in-progress - last build Jan 31 2023 02:41:03 (7ba98a1283f2b7cec35fde026edb48fc825ab8ae,branch:master). Game began 2023-02-02 14:51:28, ended 2023-02-02 16:01:55. Gandelf, neutral male human Monk -------- ------------->.|...| |.^^.........../...| |+-----------..|..-| |.....|--...|..|...| |.....|-...-...|...| |....1|....0..--...| |..<..|.-.|..-.%|.-| |...1B|.00|..@0.|..| |.....|.-.|.0-Y....| |.....|...|........| -------------------- Gandelf the Initiate St:18/01 Dx:14 Co:12 In:9 Wi:15 Ch:7 Neutral S:12119 Dlvl:7 $:2231 HP:0(66) Pw:57(57) AC:0 Xp:8/2229 T:6874 Burdened Latest messages: You see here a steel wand. The boulder falls into and plugs a hole in the floor! You hit the gold golem! The gold golem misses! The gold golem hits! You hit the gold golem! The gold golem misses! The gold golem hits! You hit the gold golem! The gold golem misses! The gold golem hits! You hit the gold golem! You hit the gold golem! The gold golem hits! The gold golem hits! You hit the gold golem! The gold golem hits! The gold golem hits! You destroy the gold golem! You have a little trouble lifting $ - 120 gold pieces (2231 in total). The sasquatch hits! The sasquatch misses! The sasquatch kicks! You hit the sasquatch! The sasquatch hits! The sasquatch hits! The sasquatch misses! The sasquatch hits! The sasquatch misses! The sasquatch kicks! You hit the sasquatch! The sasquatch hits! The sasquatch hits! The sasquatch kicks! What do you want to drink? [fnstADIJMSUY or ?*] > You don't have that object. What do you want to drink? [fnstADIJMSUY or ?*] ? Never mind. Are you sure you want to pray? [yn] (n) y You begin praying to Chih Sung-tzu. The sasquatch hits! The sasquatch hits! The sasquatch kicks! You die... Do you want your possessions identified? [ynq] (y) y Do you want to see your attributes? [ynq] (y) y Do you want an account of creatures vanquished? [ynaq] (y) y Do you want a list of species genocided? [ynq] (y) y Do you want to see your conduct and achievements? [ynq] (y) y Do you want to see the dungeon overview? [ynq] (y) y Inventory: Coins $ - 2231 gold pieces Amulets N - an uncursed amulet of ESP (being worn) p - an uncursed amulet of life saving Armor y - an uncursed +0 dented pot (being worn) a - an uncursed +2 pair of leather gloves (being worn) Q - a blessed +4 pair of iron shoes (being worn) O - a blessed +5 robe Comestibles i - an uncursed food ration L - 2 uncursed tripe rations Scrolls h - an uncursed scroll of charging F - an uncursed scroll of confuse monster v - a blessed scroll of genocide e - an uncursed scroll of remove curse B - an uncursed scroll of scare monster d - a blessed scroll of teleportation j - 5 uncursed scrolls of teleportation Spellbooks x - an uncursed spellbook of detect monsters c - a blessed spellbook of protection Potions D - a cursed potion of booze f - a cursed potion of confusion s - 2 cursed potions of gain energy A - a cursed potion of hallucination Y - 2 uncursed potions of levitation n - an uncursed potion of object detection J - 2 cursed potions of paralysis I - a cursed potion of sickness S - a blessed potion of sleeping M - an uncursed potion of sleeping U - an uncursed diluted potion of speed t - 14 potions of holy water Rings C - an uncursed ring of cold resistance (on right hand) m - an uncursed ring of levitation Wands T - a wand of digging (0:7) G - a wand of digging (0:6) R - a wand of opening (0:7) V - a wand of opening (0:5) H - a wand of speed monster (0:7) E - a wand of teleportation (0:6) Tools b - an uncursed blindfold W - an uncursed credit card Z - an expensive camera (0:34) r - an uncursed leash g - an uncursed lock pick z - an uncursed oil lamp u - a +0 pick-axe k - an uncursed skeleton key P - an uncursed tallow candle K - an uncursed tin whistle o - a cursed towel l - a +0 unicorn horn Gems/Stones w - an uncursed amber stone X - a blessed luckstone q - an uncursed touchstone Gandelf the Monk's attributes: Background: You were an Initiate, a level 8 male human Monk. You were neutral, on a mission for Chih Sung-tzu who was opposed by Shan Lai Ching (lawful) and Huan Ti (chaotic). You were in Sokoban, on level 7. You entered the dungeon 6874 turns ago. You had 2229 experience points, 331 more were needed to attain level 9. Your score was 12119 before end-of-game adjustments. Basics: You had 0 out of 66 hit points. You had all 57 energy points (spell power). Your armor class was 0. Your wallet contained 2231 zorkmids. Autopickup was on for '$?!+/=' plus thrown. Final Characteristics: Your strength was 18/01 (peak:18/02, limit:18/100). Your dexterity was 14 (limit:18). Your constitution was 12 (limit:18). Your intelligence was 9 (limit:18). Your wisdom was 15 (peak:16, limit:18). Your charisma was 7 (limit:18). Final Status: You were not hungry. You were burdened; movement was slightly slowed. You were empty handed. You were skilled in martial arts and could have enhanced that. Final Attributes: You were piously aligned. You were cold resistant. Your items were protected from cold. You were sleep resistant. You were poison resistant. You saw invisible. You were telepathic. You were warned. You were stealthy. You were fast. You were lucky. You had extra luck. Good luck did not time out for you. Chih Sung-tzu was angry with you. You are dead. Miscellaneous: You encountered 1 bones level. Total elapsed playing time was 59 minutes and 17 seconds. Major events: Turn 1: Gandelf the neutral male human Monk entered the dungeon 700: entered the Gnomish Mines 704: attained the rank of Novice (level 3) 1065: reached Mine Town 1362: attained the rank of Initiate (level 6) 4697: performed his first genocide (class h) 5009: destroyed lurchy's ghost, the former Conjurer 5525: entered Sokoban 5866: completed 1st Sokoban level 6455: completed 2nd Sokoban level 6874: killed by a sasquatch, while praying Vanquished creatures: a ghost a giant zombie a small mimic a sasquatch a freezing sphere a chameleon a giant beetle a quivering blob a cockatrice 4 wolves 3 leprechauns an orc mummy a brown pudding a gold golem a werewolf a lizard a white unicorn a gnome mummy 3 water moccasins an ape a soldier ant an imp a water nymph 2 orc shamans 2 fog clouds a violet fungus 7 gnome leaders 3 gnomish wizards 2 gray oozes 3 giant ants a kitten 9 dwarves a homunculus 4 hill orcs a rothe a rabid rat a centipede 3 orc zombies a werejackal 2 iguanas 13 killer bees an acid blob 3 hobbits 3 manes a large kobold 24 gnomes 2 garter snakes a gnome zombie a gecko 4 jackals 2 foxes 2 goblins 6 grid bugs 2 bats 4 lichens 8 newts 151 creatures vanquished. Genocided species: hobbits dwarves bugbears dwarf leaders dwarf rulers mind flayers master mind flayers 7 species genocided. Voluntary challenges: You were vegetarian. You never hit with a wielded weapon. You read items or engraved 7 times. You never engraved Elbereth. You genocided 7 types of monsters. You never polymorphed an object. You never changed form. You used no wishes. You did not violate any of the special Sokoban rules. Achievements: You entered the Gnomish Mines. You attained the rank of Novice. You entered Minetown. You entered a shop. You entered a temple. You attained the rank of Initiate. You entered Sokoban. The Dungeons of Doom: levels 1 to 11 Level 1: Level 2: Stairs down to The Gnomish Mines. Level 3: A general store, a fountain. Level 4: An altar to Chih Sung-tzu. Level 5: Level 6: An altar to Chih Sung-tzu. Level 7: Level 8: Level 9: A fountain. Oracle of Delphi. Final resting place for lurchy-Wiz-Elf-Mal-Cha, killed by a giant ant, a1-Wiz-Elf-Mal-Cha, killed by a giant ant, while fainted from lack of food. Level 10: Stairs up to Sokoban, level 9. Level 11: A fountain. The Gnomish Mines: levels 3 to 7 Level 3: Level 4: Level 5: Level 6: Many shops, a temple, some fountains. Level 7: Sokoban: levels 9 up to 7 Level 7: <- You were here. Unsolved. Final resting place for you, killed by a sasquatch, while praying. Level 8: Solved. Level 9: Solved. Game over: ---------- / \ / REST \ / IN \ / PEACE \ / \ | Gandelf | | 2231 Au | | killed by a | | sasquatch | | | | | | 2023 | *| * * * | * _________)/\\_//(\/(/\)/\//\/|_)_______ Goodbye Gandelf the Monk... You died in Sokoban on dungeon level 7 with 11896 points, and 2231 pieces of gold, after 6874 moves. You were level 8 with a maximum of 66 hit points when you died.